 Dungeon Crawl Stone Soup version 0.29.1-1-gd02db6906a (webtiles) character file.

Game seed: 18394707204463003993

61 DemonSlayer the Firebug (level 3, -3/24 HPs)
             Began as a Demonspawn Fire Elementalist on Oct 3, 2022.
             Killed from afar by an orc wizard (5 damage)
             ... with a puff of flame
             ... on level 3 of the Dungeon.
             The game lasted 00:03:34 (2713 turns).

DemonSlayer the Firebug (DsFE)                      Turns: 2713, Time: 00:03:34

Health: -3/24      AC:  9    Str:  8    XL:     3   Next: 83%
Magic:  4/6        EV: 12    Int: 18    God:
Gold:   133        SH:  0    Dex: 13    Spells: 1/7 levels left

rFire   . . .      SeeInvis .   f - +0 mace (protect)
rCold   . . .      Faith    .   (no shield)
rNeg    . . .      Spirit   .   a - +0 robe
rPois   .          Reflect  .   (no helmet)
rElec   .          Harm     .   (no cloak)
rCorr   .          Rampage  .   (no gloves)
Will    .....                   (no boots)
Stlth   ++........              (no amulet)
HPRegen 0.08/turn               (no ring)
MPRegen 0.10/turn               (no ring)

@: under a protective aura
A: powered by pain 1
a: no special abilities


You were on level 3 of the Dungeon.
You visited 1 branch of the dungeon, and saw 3 of its levels.

You collected 133 gold pieces.

Inventory:

Hand Weapons
 f - a +0 mace of protection (weapon)
Missiles
 n - a throwing net
Armour
 a - a +0 robe (worn)
Jewellery
 d - an amulet of faith
 m - a +6 ring of intelligence
Scrolls
 e - a scroll of fog {unknown}
 g - a scroll of brand weapon {unknown}
 h - a scroll of blinking {unknown}
 k - a scroll of fear {unknown}
 l - a scroll of teleportation {unknown}
Potions
 c - 2 potions of curing {unknown}
 i - a potion of might {unknown}
 j - 2 potions of lignification {unknown}


   Skills:
 + Level 0.2 Fighting
 + Level 1.0 Maces & Flails
 + Level 2.1 Dodging
 + Level 1.9 Stealth
 + Level 2.5 Spellcasting
 + Level 1.4 Conjurations
 + Level 3.3 Fire Magic


You had one spell level left.
You knew the following spells:

 Your Spells              Type           Power      Damage    Failure   Level
a - Foxfire               Conj/Fire      40%        2x1d6     6%          1
b - Scorch                Fire           28%        2d6       7%          2
c - Conjure Flame         Conj/Fire      10%        6-21      19%         3

Your spell library contained the following spells:

 Spells                   Type           Power      Damage    Failure   Level
 Sting                    Tmut/Pois      8%         1d3       17%         1
 Poisonous Vapours        Pois/Air       4%         N/A       26%         2
 Inner Flame              Hex/Fire       8%         N/A       26%         3
 Flame Wave               Conj/Fire      10%        2d6       54%         4
 Olgreb's Toxic Radiance  Pois           2%         N/A       86%         4


Dungeon Overview and Level Annotations

Branches:
Dungeon (3/15)

Altars:

Annotations:
D:3 3 runed translucent doors, PorkyPig's ghost, amateur HOMo


Innate Abilities, Weirdness & Mutations

You sometimes gain a little power by taking damage.


Message History

You miss the orc wizard.
The orc wizard hits you with a +0 dagger.
You're too confused to move!
The orc wizard hits you with a +0 dagger.
You're too confused to cast spells.
You are too confused!
You bump into the rock wall.
You feel less confused.
The orc wizard hits you with a +0 dagger.
You hit the orc wizard.
Your weapon exudes an aura of protection.
The orc wizard is moderately wounded.
The orc wizard mumbles some strange words.
The orc wizard flickers and vanishes!
Deactivating autopickup; reactivate with Ctrl-A.
You don't have enough magic to cast this spell.
Magic courses through your body.
You hear some strange, mumbled words.
A magic dart appears from out of thin air!
The magic dart hits you.
Flames lash the orc.
You kill the orc!
You hear some strange, mumbled words.
A puff of flame appears from out of thin air!
The puff of flame hits you!
* * * LOW HITPOINT WARNING * * *
You are too injured to fight recklessly!
You are too injured to fight recklessly!
You are too injured to fight recklessly!
You are too injured to fight recklessly!
You hit something.
Your weapon exudes an aura of protection.
Something hits you.
* * * LOW HITPOINT WARNING * * *
Something hits you but does no damage.
You barely miss something.
You hear some strange, mumbled words.
A puff of flame appears from out of thin air!
The puff of flame hits you.
You die...

### #########
..# #.......#
#.# #.#####.#
#.# #.# #<#
.########.#
#.# #.#
!..o....#.#
#.# #.#
#)#.#####.#
#.#
#.#.......#
##.####
#){@.....##
#......
#.####...#
#..#### #.#
##.## #..# #
..#
#.######..####
####
#.............
########......
#.##### #.# #
#.#####


There were no monsters in sight!

Vanquished Creatures
  A gnoll (D:1)
  A worm (D:2)
  2 dart slugs
  3 orcs (D:3)
  3 endoplasms (D:1)
  3 giant cockroaches (D:1)
  A goblin (D:1)
  3 hobgoblins
  3 kobolds (D:1)
  2 quokkas
  7 ball pythons
  5 bats
  5 frilled lizards
  3 rats
42 creatures vanquished.

Vanquished Creatures (others)
  148 foxfires
148 creatures vanquished.

Grand Total: 190 creatures vanquished

Notes
Turn   | Place    | Note
-------+----------+-------------------------------------------
     0 | D:1      | DemonSlayer the Demonspawn Fire Elementalist began the
                  | quest for the Orb.
     0 | D:1      | Reached XP level 1. HP: 13/13 MP: 3/3
   250 | D:1      | Reached skill level 3 in Fire Magic
   516 | D:1      | Gained mutation: You sometimes gain a little power by
                  | taking damage. [demonic ancestry]
   516 | D:1      | Reached XP level 2. HP: 18/19 MP: 0/5
   519 | D:1      | Learned a level 2 spell: Scorch
  1285 | D:1      | Reached XP level 3. HP: 24/24 MP: 0/6
  1760 | D:1      | Learned a level 3 spell: Conjure Flame
  2128 | D:2      | Reached skill level 1 in Maces & Flails
  2191 | D:2      | Found a faded altar of an unknown god.
  2191 | D:2      | Noticed a shining eye
  2194 | D:2      | Noticed an eye of devastation
  2194 | D:2      | Noticed an eye of devastation
  2194 | D:2      | Noticed a great orb of eyes
  2280 | D:2      | You fall into a shaft and drop 1 floor!
  2376 | D:3      | Found a runed translucent gate.
  2378 | D:3      | Noticed a kobold brigand
  2378 | D:3      | Found a runed translucent gate.
  2378 | D:3      | Noticed PorkyPig's ghost (amateur HOMo)
  2379 | D:3      | Found a runed translucent gate.
  2713 | D:3      | Killed from afar by an orc wizard

Illustrated notes

Levels and vault maps discovered:
D:1:      dpeg_arrival_round_b, layout_loops_corners
D:2:      layout_loops_ring, hellmonk_ecumenical_altar_watching_god,
          st_stairs_1, uniq_jessica
D:3:      layout_loops_ring, gammafunk_ghost_nasty_kobolds

Skill      XL: |  1  2  3 |
---------------+----------+-----
Fire Magic     | 3 |  3.3
Dodging        | 2 |  2.1
Maces & Flails | 1 |  1.0
Fighting       | |  0.2
Stealth        | |  1.9
Spellcasting   | |  2.5
Conjurations   | |  1.4

Action                   || total
-------------------------++-------
Melee: Unarmed           ||    35
       Mace              ||    58
 Cast: Foxfire           ||    99
       Scorch            ||     4
  Use: Potion            ||     1
 Stab: Sleeping          ||     1
Armor: Robe              ||    33
Dodge: Dodged            ||    83
